 Dungeon Crawl Stone Soup version 0.24-a0-779-g36f0aeb843 (webtiles) character file.

Game seed: 11932059737244162066, levelgen mode: deterministic

3733 Gynju the Arsonist (level 9, -11/62 HPs)
             Began as a Pale Draconian Fire Elementalist on Oct 8, 2019.
             Mangled by a two-headed ogre
             ... wielding a cursed -2 giant club
              (20 damage)
             ... on level 7 of the Dungeon.
             The game lasted 00:15:40 (11011 turns).

Gynju the Arsonist (DrFE)                          Turns: 11011, Time: 00:15:40

Health: -11/62     AC: 10    Str: 11    XL:     9   Next: 92%
Magic:  14/19      EV: 15    Int: 18    God:
Gold:   405        SH:  0    Dex: 12    Spells: 15/21 levels left

rFire    . . .     SeeInvis .   h - +3 whip (holy)
rCold    . . .     Gourm    +   (no shield)
rNeg     . . .     Faith    .   (armour unavailable)
rPois    +         Spirit   .   (helmet restricted)
rElec    .         Reflect  .   (no cloak)
rCorr    .         Harm     .   C - +0 pair of gloves
MR       .....                  (no boots)
Stlth    ++........             c - amulet of the gourmand
HPRegen  0.20/turn              g - ring of poison resistance
MPRegen  0.16/turn              i - +2 ring of protection

@: short of breath
A: breathe steam, unfitting armour, cold-blooded, AC +7
a: Breathe Steam


You were on level 7 of the Dungeon.
You were very full.

You visited 2 branches of the dungeon, and saw 9 of its levels.

You collected 405 gold pieces.

Inventory:

Hand Weapons
 h - a +3 whip of holy wrath (weapon)
Missiles
 m - 16 poisoned darts (quivered)
Armour
 C - a +0 pair of gloves (worn)
Jewellery
 c - an amulet of the gourmand (around neck)
 g - a ring of poison resistance (left hand)
 i - a +2 ring of protection (right hand)
 p - an uncursed ring of ice {unknown}
 z - an uncursed ring of protection from magic {unknown}
 B - a +6 ring of dexterity {unknown}
 E - a cursed ring of teleportation {unknown}
Wands
 k - a wand of digging (6)
 l - a wand of paralysis (15)
 s - a wand of acid (17)
Scrolls
 a - 6 scrolls of teleportation
 d - a scroll of blinking
 q - a scroll of enchant weapon
 r - a scroll of magic mapping
 t - 3 scrolls of remove curse {@r2}
 u - a scroll of enchant armour {unknown}
 v - 2 scrolls of identify {@r1}
 x - a scroll of amnesia
 y - a scroll of summoning {unknown}
 F - a scroll of immolation {unknown}
Potions
 e - a potion of berserk rage {unknown}
 f - a potion of resistance {unknown}
 j - 2 potions of curing {@q1}
 n - 2 potions of brilliance {unknown}
 o - a potion of mutation {unknown}
 w - a potion of flight {unknown}
 A - a potion of heal wounds {unknown}
Comestibles
 b - 13 rations
 D - 7 chunks of flesh


   Skills:
 + Level 6.7 Dodging
 - Level 1.7 Stealth
 + Level 6.8 Spellcasting
 + Level 7.2 Conjurations
 + Level 8.5 Fire Magic


You had 15 spell levels left.
You knew the following spells:

 Your Spells              Type           Power        Failure   Level  Hunger
a - Flame Tongue          Conj/Fire      ####.        1%          1    None
b - Throw Flame           Conj/Fire      ####..       1%          2    None
c - Conjure Flame         Conj/Fire      ####....     1%          3    ##.....

Your spell library contained the following spells:

 Spells                   Type           Power        Failure   Level  Hunger
 Sticky Flame             Conj/Fire      ####....     4%          4    ####...
 Inner Flame              Hex/Fire       ###.....     6%          3    ##.....
 Fireball                 Conj/Fire      ####......   12%         5    #####..


Dungeon Overview and Level Annotations

Branches:
Dungeon (8/15)             Temple (1/1) D:7            Lair (0/6) D:8

Altars:
Cheibriados
Dithmenos
Elyvilon
Gozag
Kikubaaqudgha
Nemelex Xobeh
Qazlal
Ru
Sif Muna
Trog
Uskayaw
Wu Jian
Xom
Yredelemnul
The Shining One

Shops:
D:8 [

Annotations:
D:8 Erica


Innate Abilities, Weirdness & Mutations

You can breathe blasts of scalding, opaque steam.
Your pale cyan-grey scales are hard. (AC +7)
You cannot fit into any form of body armour.
You are cold-blooded and may be slowed by cold attacks.


Message History

Casting: Conjure Flame (safe; 1% risk of failure)
Confirm with . or Enter, or press ? or * to list all spells.
Aiming: Flame Tongue (safe; 1% risk of failure)
Press: ? - help, Shift-Dir - straight line, f/p - two-headed ogre
Aim: a two-headed ogre, wielding a -2 giant club and a +0 giant club (flame, moderately wounded)
The flame tongue hits the two-headed ogre but does no damage.
The two-headed ogre is moderately wounded.
The two-headed ogre is engulfed in blazing flames.
Casting: Flame Tongue (safe; 1% risk of failure)
Confirm with . or Enter, or press ? or * to list all spells.
Aiming: Flame Tongue (safe; 1% risk of failure)
Press: ? - help, Shift-Dir - straight line, f/p - two-headed ogre
Aim: a two-headed ogre, wielding a -2 giant club and a +0 giant club (steam, heavily wounded)
The flame tongue hits the two-headed ogre.
The two-headed ogre is heavily wounded.
The two-headed ogre is engulfed in a cloud of scalding steam.
The two-headed ogre hits you with a cursed -2 giant club.
* * * LOW HITPOINT WARNING * * *
The two-headed ogre hits you with a +0 giant club!!
You die...

#..# ##.......#.## ##.#####
##.# #........#..# #..#######
#.# #...........# #........#
#.###...........###.######.#
#.........o....§........##.#
#####..>...O.o§.####.##.##.#
##.########§## #.#.....# #..#
#O# #.#..#### #.## #@# #.#..#
#.# ##'## #....# #.# ##...##
###.## ##.## ##.....#####.####
##.#.## ##.......#.......#
##.###.###.(........##....#####
#.## ##..'.....................
#..###.###...(......##....#####
#.#.#.## ##.......#.##....#


You could see a two-headed ogre and an orc.

Vanquished Creatures
  Pikel (D:7)
  Sigmund (D:3)
  An orc warrior (D:6)
  A sky beast (D:6)
  5 ogres
  A slave (D:7)
  3 phantoms
  2 centaurs (D:7)
  3 bullfrogs
  A gnoll sergeant (D:8)
  6 killer bees
  A howler monkey (D:5)
  8 crimson imps
  A centaur zombie (D:5)
  A quasit (D:6)
  3 orc priests
  7 hounds
  A jelly (D:5)
  A bullfrog skeleton (D:4)
  7 orc wizards
  3 iguanas
  Ijyb (D:5)
  7 worker ants
  A hound zombie (D:7)
  2 hound skeletons
  A worker ant zombie (D:7)
  13 adders
  8 gnolls
  2 oozes (D:1)
  An adder zombie (D:7)
  2 adder skeletons (D:4)
  6 worms
  A dart slug (D:3)
  3 leopard geckos
  17 orcs
  5 giant cockroaches
  7 goblins
  9 hobgoblins
  13 jackals
  3 quokkas
  A ball python (D:4)
  7 bats
  2 frilled lizards (D:2)
  5 kobolds
  A leopard gecko skeleton (D:6)
  7 rats
183 creatures vanquished.

Vanquished Creatures (others)
  An orc wizard (D:4)
1 creature vanquished.

Grand Total: 184 creatures vanquished

Notes
Turn   | Place    | Note
-------+----------+-------------------------------------------
     0 | D:1      | Gynju the Draconian Fire Elementalist began the quest for
                  | the Orb.
     0 | D:1      | Reached XP level 1. HP: 14/14 MP: 3/3
   354 | D:1      | Reached XP level 2. HP: 20/20 MP: 1/5
   986 | D:2      | Reached XP level 3. HP: 24/26 MP: 1/6
  1148 | D:2      | Learned a level 2 spell: Throw Flame
  1152 | D:2      | Learned a level 3 spell: Conjure Flame
  1397 | D:2      | Reached XP level 4. HP: 31/33 MP: 3/7
  1799 | D:2      | Noticed a phantom
  1887 | D:2      | Killed a phantom
  1887 | D:2      | Reached XP level 5. HP: 24/38 MP: 0/9
  2255 | D:3      | Reached skill level 4 in Fire Magic
  2275 | D:3      | Found a hide-covered altar of Uskayaw.
  2275 | D:3      | Noticed a +0 hand axe
  2275 | D:3      | Noticed a +0 dagger
  2438 | D:3      | Noticed Sigmund
  2817 | D:3      | Found a glowing golden altar of the Shining One.
  3447 | D:4      | Noticed an ogre
  3466 | D:3      | Killed an ogre
  3466 | D:3      | Reached XP level 6. HP: 20/45 MP: 1/11
  3986 | D:4      | Your scales start taking on a pale cyan-grey colour.
  3986 | D:4      | Reached skill level 5 in Fire Magic
  3986 | D:4      | Reached XP level 7. HP: 50/50 MP: 6/12
  5136 | D:5      | Entered Level 5 of the Dungeon
  5384 | D:5      | Reached skill level 6 in Fire Magic
  5461 | D:5      | Reached XP level 8. HP: 54/57 MP: 11/14
  6114 | D:5      | Noticed Ijyb
  6134 | D:5      | Killed Ijyb
  6321 | D:5      | Reached skill level 5 in Conjurations
  6793 | D:3      | Killed Sigmund
  6793 | D:3      | Reached skill level 5 in Dodging
  6793 | D:3      | Reached skill level 5 in Spellcasting
  7208 | D:6      | Reached skill level 7 in Fire Magic
  7385 | D:6      | Found a snail-covered altar of Cheibriados.
  7388 | D:6      | Found a sacrificial altar of Ru.
  7391 | D:6      | Found a bloodstained altar of Trog.
  7394 | D:6      | Found a shimmering blue altar of Sif Muna.
  7487 | D:6      | Reached XP level 9. HP: 51/62 MP: 10/17
  8343 | D:7      | Found a staircase to the Ecumenical Temple.
  8467 | Temple   | Entered the Ecumenical Temple
  8871 | D:7      | Found an ornate altar of the Wu Jian Council.
  9543 | D:7      | Noticed Pikel
  9553 | D:7      | Killed Pikel
  9553 | D:7      | Reached skill level 8 in Fire Magic
 10090 | D:8      | Noticed Erica
 10123 | D:8      | Found Ymuffaut's Armour Shop.
 10946 | D:8      | Found a staircase to the Lair.
 10946 | D:8      | Noticed a two-headed ogre
 11011 | D:7      | Mangled by a two-headed ogre

Levels and vault maps discovered:
D:1:      dpeg_arrival_prison, layout_basic
D:2:      layout_rooms
D:3:      cheibrodos_old_hovel, layout_loops_ring, dancing_weapons_uskayaw,
          first_ration, roderic_roman_lattice, nicolae_tso_carved_into_rock,
          uniq_sigmund
D:4:      layout_gridville
D:5:      layout_loops_cross, uniq_ijyb
D:6:      layout_cave_pods, grunt_temple_overflow_cloverleaf
D:7:      layout_loops_corners, nicolae_overflow_crystal_walls,
          minmay_temple_entry_arrows, kennysheep_generic_room_11, uniq_pikel
D:8:      layout_rooms, gammafunk_temple_overflow_elements, lair_entry_dummy,
          serial_shops, shop, uniq_erica
Temple:   nicolae_temple_figure_zero

Skill      XL: |  1  2  3  4  5  6  7  8  9 |
---------------+----------------------------+-----
Dodging        | 2 3 4 5 6 |  6.7
Conjurations   | 2 3 4 5 7 |  7.2
Spellcasting   | 3 4 5 6 |  6.8
Fire Magic     | 4 5 6 7 8 |  8.5
Stealth        | |  1.7

Action                   |  1- 3 |  4- 6 |  7- 9 || total
-------------------------+-------+-------+-------++-------
Melee: Unarmed           |     6 |       |       ||     6
       Tailslap          |     2 |     1 |    12 ||    15
       Whip              |    36 |    22 |   124 ||   182
 Cast: Flame Tongue      |    45 |   123 |   307 ||   475
       Conjure Flame     |       |     1 |     5 ||     6
       Throw Flame       |       |       |    12 ||    12
 Abil: Breathe Steam     |       |       |     9 ||     9
  Use: Scroll            |       |     7 |     1 ||     8
 Stab: Sleeping          |       |     1 |     2 ||     3
  Eat: Chunk             |     2 |     8 |    31 ||    41
Armor: Skin              |    23 |    19 |    91 ||   133
Dodge: Dodged            |    61 |    47 |   271 ||   379

Table legend:
 A = Non-vault XP
 B = Vault XP
 C = Vault XP percentage of total XP
 D = Non-vault monster count
 E = Vault monster count
 F = Vault count percentage of total count
                 A         B        C        D         E       F
            +---------+---------+-------+---------+---------+-------
      Total |    4439 |     894 |  16.8 |     175 |       8 |   4.4
            +---------+---------+-------+---------+---------+-------
        D:1 |      28 |       4 |  12.5 |      11 |       3 |  21.4
        D:2 |     207 |       0 |   0.0 |      26 |       0 |   0.0
        D:3 |     229 |     215 |  48.4 |      28 |       2 |   6.7
        D:4 |     676 |       0 |   0.0 |      27 |       0 |   0.0
        D:5 |     657 |      36 |   5.2 |      21 |       1 |   4.5
        D:6 |     885 |       0 |   0.0 |      22 |       0 |   0.0
        D:7 |    1211 |     639 |  34.5 |      24 |       2 |   7.7
        D:8 |     546 |       0 |   0.0 |      16 |       0 |   0.0
            +---------+---------+-------+---------+---------+-------
